 Dungeon Crawl Stone Soup version 0.22.1-1-ga44c0e56f4 (webtiles) character file.

1614 LLavrengius the Skirmisher (level 8, -1/65 HPs)
             Began as a Mummy Necromancer on Oct 30, 2018.
             Was a Follower of Ashenzari.
             Slain by an orc warrior
             ... wielding a +0 dire flail
              (12 damage)
             ... on level 6 of the Dungeon on Oct 31, 2018.
             The game lasted 00:35:56 (7404 turns).

LLavrengius the Skirmisher (Mummy Necromancer)      Turns: 7404, Time: 00:35:57

Health: -1/65      AC:  9    Str: 13    XL:     8   Next: 64%
Magic:  0/14       EV: 12    Int: 15    God:    Ashenzari [*.....]
Gold:   257        SH:  6    Dex: 12    Spells: 3/15 levels left

rFire    x . .     SeeInvis .   l - +0 trident
rCold    + + .     Gourm    .   c - +1 buckler (curse)
rNeg     + + +     Faith    .   k - +2 robe {rC+}
rPois    ∞         Spirit   .   (no helmet)
rElec    .         Reflect  .   (no cloak)
rCorr    .         Harm     .   (no gloves)
MR       +....                  m - +0 pair of boots (curse)
Stlth    ++........             h - amulet of regeneration
HPRegen  0.60/turn              n - +4 ring of protection (curse)
MPRegen  0.14/turn              (no ring)

@: very slightly contaminated
A: no food or potions, fire vulnerability, cold resistance 1, negative energy
resistance 3, torment resistance, unbreathing
a: Curse Item, Scrying, Renounce Religion


You were on level 6 of the Dungeon.
You worshipped Ashenzari.
Ashenzari was aware of your devotion.
You were not hungry.

You visited 2 branches of the dungeon, and saw 7 of its levels.

You collected 257 gold pieces.

Inventory:

Hand Weapons
 g - a +0 whip of freezing
 l - a +0 trident (weapon)
 r - a +5 halberd of freezing
Missiles
 b - 195 stones (quivered)
 o - 11 sling bullets
Armour
 c - a cursed +1 buckler (worn)
 j - a +1 chain mail of positive energy
 k - a +2 robe of cold resistance (worn)
 m - a cursed +0 pair of boots (worn)
Jewellery
 a - an uncursed ring of ice
 h - an amulet of regeneration (around neck)
 n - a cursed +4 ring of protection (left hand)
Wands
 i - a wand of acid (11)
 p - a wand of polymorph (15)
 q - a wand of paralysis (33)
 u - a wand of clouds (6)
Scrolls
 d - a scroll of amnesia {unknown}
 e - a scroll of holy word {unknown}
 f - a scroll of enchant armour
 s - a scroll of teleportation
 t - a scroll of remove curse


   Skills:
 + Level 6.4 Fighting
 - Level 1.5 Dodging
 - Level 1.5 Stealth
 - Level 4.0 Shields
 - Level 4.1 Spellcasting
 + Level 4.0 Hexes
 - Level 6.0 Necromancy


You had 3 spell levels left.
You knew the following spells:

 Your Spells              Type           Power        Failure   Level  Hunger
a - Pain                  Necr           ###.         1%          1    N/A
b - Animate Skeleton      Necr           N/A          1%          1    N/A
c - Vampiric Draining     Necr           ###.......   4%          3    N/A
d - Animate Dead          Necr           N/A          14%         4    N/A
e - Confuse               Hex            ###.....     10%         3    N/A

Your spell library contained the following spells:

 Spells                   Type           Power        Failure   Level  Hunger
 Confusing Touch          Hex            ###...       3%          1    N/A
 Gell's Gravitas          Tloc           #.........   47%         3    N/A
 Petrify                  Tmut/Erth      #.......     87%         4    N/A
 Metabolic Englaciation   Hex/Ice        #.........   91%         5    N/A
 Yara's Violent Unravell  Hex/Tmut       #.........   91%         5    N/A
 Regeneration             Chrm/Necr      Unusable     N/A         3    N/A

Dungeon Overview and Level Annotations

Branches:
Dungeon (6/15)             Temple (1/1) D:4

Altars:
Ashenzari
Dithmenos
Elyvilon
Fedhas
Gozag
Kikubaaqudgha
Makhleb
Nemelex Xobeh
Okawaru
Qazlal
Ru
Sif Muna
Trog
Uskayaw
Vehumet
Xom
Yredelemnul
Zin
The Shining One

Shops:
D:6 [

Annotations:
D:6 1 runed door, DildoBatman's ghost, amateur FoWz


Innate Abilities, Weirdness & Mutations

You do not eat or drink.
Your flesh is vulnerable to fire.
You are immune to poison.
Your flesh is cold resistant. (rC+)
You are immune to negative energy. (rN+++)
You are immune to unholy pain and torment.
You can survive without breathing.


Message History

Casting: Confuse (safe; 10% risk of failure)
Confirm with . or Enter, or press ? or * to list all spells.
Aiming: Confuse (safe; 10% risk of failure)
Press: ? - help, Shift-Dir - straight line, f/p - orc warrior
Aim: an orc warrior, wielding a dire flail and wearing a plate armour (heavily You miscast Confuse.
You are very lightly contaminated with residual magic.
You hear an indistinct dissonance whispering inside your mind.
The orc warrior hits you with a dire flail!
* * * LOW HITPOINT WARNING * * *
There is an open door here.
There is an open door here.
Casting: Confuse (safe; 10% risk of failure)
Confirm with . or Enter, or press ? or * to list all spells.
Aiming: Confuse (safe; 10% risk of failure)
Press: ? - help, Shift-Dir - straight line, f/p - orc warrior
Aim: an orc warrior, wielding a dire flail and wearing a plate armour (heavily The orc warrior appears confused.
The orc warrior hits you with a dire flail!
You die...

# ###.#.#....#####'#### ..... .
...#.#....##.....!# ####
######.#.#....##......#
........Z.....##..o...#
######Z###....##......# ###
######.# #.#####)..o..# #..
#......###.## ####'### #.#
##......ZZ..#######o###########.#
##.......##.##..@o...........##.#
.+.......##..#.####.########.##..
##.......###.#.# #.#<######.##..
.###+##### #...# #.#.##.........
.# #.# ##..# #.#.##.###.#### .#
#.# #..# #.#.##.# #..... .# #)#
#####.## #.#.##.###.###. .###.#
#......# #.#.##....%# #.
....)#####+####.# #.######.# #.


You could see an orc warrior (confused) and an orc.

Vanquished Creatures
  Pikel (D:5)
  An ice beast (D:6)
  4 slaves (D:5)
  A phantom (D:6)
  An ogre (D:6)
  A centaur (D:6)
  2 wights (D:6)
  A howler monkey (D:6)
  A crimson imp (D:6)
  A bullfrog skeleton (D:4)
  2 hounds
  A jelly (D:1)
  An orc wizard (D:4)
  2 gnoll shamans
  An iguana (D:4)
  A worker ant (D:5)
  A worker ant zombie (D:5)
  8 gnolls
  A shadow imp (D:6)
  An ooze (D:4)
  4 worms
  3 dart slugs (D:1)
  5 leopard geckos
  5 orcs
  A ball python (D:4)
  2 bats (D:1)
  A giant cockroach (D:6)
  9 goblins
  4 hobgoblins (D:1)
  7 jackals
  4 quokkas
  3 frilled lizards (D:2)
  5 kobolds
  A quokka skeleton (D:4)
  5 rats
92 creatures vanquished.

Vanquished Creatures (collateral kills)
  A necrophage (D:6)
  A scorpion (D:6)
  A wight (D:6)
  2 bullfrog skeletons (D:6)
  2 worker ants (D:6)
  An adder (D:6)
  2 gnolls (D:4)
  An orc (D:6)
  A jackal (D:6)
  A rat (D:1)
13 creatures vanquished.

Grand Total: 105 creatures vanquished

Notes
Turn   | Place    | Note
-------+----------+-------------------------------------------
     0 | D:1      | LLavrengius the Mummy Necromancer began the quest for the
                  | Orb.
     0 | D:1      | Reached XP level 1. HP: 13/13 MP: 4/4
    95 | D:1      | Learned a level 1 spell: Animate Skeleton
   184 | D:1      | Reached XP level 2. HP: 19/20 MP: 3/6
   221 | D:1      | Reached skill level 1 in Fighting
   976 | D:1      | Reached XP level 3. HP: 12/27 MP: 0/7
  1625 | D:2      | Reached XP level 4. HP: 29/33 MP: 5/8
  1630 | D:2      | Learned a level 3 spell: Vampiric Draining
  1635 | D:2      | Learned a level 4 spell: Animate Dead
  1848 | D:2      | Found a bloodstained altar of Trog.
  2681 | D:3      | Found a deep blue altar of Sif Muna.
  4010 | D:4      | Reached skill level 5 in Necromancy
  4010 | D:4      | Reached XP level 5. HP: 39/39 MP: 5/10
  4320 | D:4      | Found a staircase to the Ecumenical Temple.
  4329 | Temple   | Entered the Ecumenical Temple
  4453 | Temple   | Became a worshipper of Ashenzari the Shackled
  4590 | D:4      | Reached skill level 1 in Shields
  4592 | D:4      | Noticed an ogre
  4911 | D:5      | Entered Level 5 of the Dungeon
  5131 | D:4      | Reached XP level 6. HP: 46/47 MP: 1/12
  5530 | D:5      | Reached * piety under Ashenzari
  5549 | D:5      | Noticed Pikel
  5549 | D:5      | Noticed a slave
  5549 | D:5      | Noticed a slave
  5549 | D:5      | Noticed a slave
  5549 | D:5      | Noticed a slave
  5601 | D:5      | Killed a slave
  5616 | D:5      | Killed a slave
  5849 | D:5      | Killed a slave
  5860 | D:5      | Killed a slave
  5905 | D:5      | Killed Pikel
  5905 | D:5      | Reached XP level 7. HP: 17/55 MP: 0/13
  6354 | D:5      | Learned a level 3 spell: Confuse
  6425 | D:6      | Reached skill level 1 in Hexes
  6462 | D:6      | Reached XP level 8. HP: 27/61 MP: 0/14
  6629 | D:6      | Reached skill level 5 in Fighting
  6882 | D:6      | Found Gautuq's Armour Emporium.
  7299 | D:6      | Found a runed door.
  7305 | D:6      | Noticed DildoBatman's ghost (amateur FoWz)
  7388 | D:6      | HP: 1/65 [orc warrior/dire flail (17)]
  7404 | D:6      | Slain by an orc warrior

Skill      XL: |  1  2  3  4  5  6  7  8 |
---------------+-------------------------+-----
Spellcasting   | 3 4 |  4.1
Fighting       | 2 3 4 6 |  6.4
Necromancy     | 5 6 |  6.0
Shields        | 1 3 4 |  4.0
Hexes          | 1 4 |  4.0
Dodging        | |  1.5
Stealth        | |  1.5

Action                   |  1- 3 |  4- 6 |  7- 9 || total
-------------------------+-------+-------+-------++-------
Melee: Dagger            |    15 |       |       ||    15
       Unarmed           |     1 |       |       ||     1
       Spear             |    34 |    40 |       ||    74
       Trident           |       |    92 |   181 ||   273
Throw: Stone             |     2 |     9 |       ||    11
 Cast: Pain              |    62 |   110 |    12 ||   184
       Animate Skeleton  |     1 |     2 |     1 ||     4
       Vampiric Draining |       |    11 |    11 ||    22
       Animate Dead      |       |     3 |     5 ||     8
       Confuse           |       |       |     3 ||     3
Invok: Curse Item        |       |     2 |       ||     2
  Use: Scroll            |       |     7 |       ||     7
 Stab: Sleeping          |     2 |     3 |       ||     5
Armor: Robe              |    22 |    53 |    42 ||   117
       Leather armour    |       |     1 |       ||     1
Dodge: Dodged            |    48 |    81 |   101 ||   230
Block: Buckler           |       |    25 |    40 ||    65
